[Event "Slovakia Open 2022"]
[Site "Bratislava"]
[Date "2022.10.01"]
[Round "4.16"]
[White "Rosol, Philip"]
[Black "Yankelevich, Lev"]
[Result "0-1"]
[ECO "E12"]
[WhiteElo "1885"]
[BlackElo "2484"]
[Annotator "TA"]
[PlyCount "120"]
[EventDate "2022.09.30"]
[EventCountry "SVK"]
[SourceTitle "playchess.com"]
[Source "ChessBase"]
[SourceQuality "1"]
[TimeControl "2700+10"]

1. d4 Nf6 2. c4 e6 3. Nf3 b6 4. a3 Bb7 5. Nc3 g6 6. Qc2 Bg7 $1 {[%emt 0:00:31] 6...Bg7 scores better than 6...Bxf3.} 7. e4 d6 8. Bd3 {[%emt 0:01:28] E12: Queen's Indian: Unusual White 4th moves, 4 a3, 4 Nc3 Bb7 5 a3 and 4 Nc3 Bb7 .} O-O 9. Bg5 {[%emt 0:00:47] Threatens to win with e5.} h6 10. Bh4 {[%emt 0:00:35] [#]} (10. Bd2 $14) 10... Qe8 $146 (10... g5 $5 11. Bg3 Nh5 $15) ({Predecessor:} 10... g5 11. Bg3 Nh5 12. d5 Nd7 13. O-O-O Nc5 14. dxe6 fxe6 15. e5 Nxd3+ 16. Qxd3 Nxg3 17. hxg3 dxe5 {0-1 (53) Hovhannisyan,M (2439)-Stefansson,H (2541) Batumi 2019}) 11. O-O-O e5 12. Bxf6 Bxf6 13. d5 a5 14. g4 Nd7 15. h4 Bg7 16. h5 Nf6 17. Rdg1 {[%emt 0:00:56] Strongly threatening g5.} g5 18. Qd2 Nh7 19. Ne1 c6 20. Nc2 Nf6 21. Ne3 Rc8 22. Kb1 Ba6 23. Nf5 Qd8 24. f3 Rc7 25. Rc1 Bc8 26. Ne3 {[%emt 0:00:33] Pair of Knights!} Nd7 27. Rhd1 Nc5 28. Bc2 {[%emt 0:00:10] Against Nb3} Bb7 (28... cxd5 $16 29. Nexd5 (29. Ncxd5 Rb7 $16) (29. Qxd5 Ne6 $16) 29... Rd7) 29. Na4 ({Better is} 29. b4 $18 cxd5 30. exd5 (30. Ncxd5 Bxd5 31. bxc5 Be6 $18) 30... axb4 31. axb4) 29... cxd5 $16 30. Nxc5 Rxc5 31. exd5 Re8 32. Be4 (32. Qd3 e4 33. fxe4 (33. Qe2 b5 $11) 33... Qf6 $14) 32... Qd7 33. Nf5 Ba6 34. Bd3 Bf8 35. Qe2 f6 (35... Qd8 $16 {was called for.} 36. Ng3 Bg7) 36. Qe4 {[%emt 0:00:21][%cal Of5d6] Hoping for Nxd6!} Rb8 37. b4 $2 (37. a4 $18) 37... axb4 $11 38. axb4 b5 $1 {[%emt 0:03:18] [#] ...bxc4 is the strong threat.} 39. cxb5 Bxb5 40. Ne3 $2 {[%emt 0:01:10][%mdl 8192] White is on the road to losing.} (40. Rxc5 $11 {and White stays safe.} dxc5 41. Kc1 (41. Bxb5 Rxb5 42. Kc1 Rxb4 $19)) 40... Bxd3+ (40... Rxc1+ 41. Kxc1 Bxd3 42. Rxd3 $11) 41. Rxd3 Qa4 {[%emt 0:00:26] Against Ra3. Really sharp!} 42. Nc2 (42. Qg6+ Kh8 43. Rxc5 dxc5 44. Nc2 (44. Qxf6+ $2 Bg7 $19) 44... cxb4 45. Qe4 (45. Qxf6+ $2 Bg7 $19)) 42... f5 $19 ({Worse is} 42... Rxc2 43. Qg6+ Kh8 44. Rxc2 Qxb4+ 45. Kc1 Qe1+ 46. Rd1 Qe3+ 47. Rdd2 $19) 43. Qe1 Rc4 44. Ra3 Qb5 45. gxf5 Qxd5 {[%emt 0:00:03] And now ...Qf7 would win.} 46. f6 Qe6 47. Qe2 d5 48. Qd3 $2 (48. Rd1) 48... e4 49. fxe4 dxe4 50. Qg3 Rbc8 (50... Rcxb4+ $142 51. Nxb4 Rxb4+ 52. Ka1 Qxf6+ 53. Qc3 Qf7) 51. Ra7 {[%emt 0:00:17] [#]} (51. Qb3 $19 Kh8 52. Qb2 (52. Rf1 $2 Qd6 $19)) 51... Rc3 {[%emt 0:00:25] Black mates.} 52. f7+ Kh8 53. Qf2 Rb3+ 54. Ka1 Bg7+ 55. Nd4 Rxc1+ 56. Ka2 Rxb4+ 57. Ka3 Rc3+ 58. Kxb4 Qc4+ 59. Ka5 Ra3+ 60. Kb6 Bxd4+ {[%emt 0:00:05] Weighted Error Value: White=1.04/Black=0.31} 0-1

[Event "Slovakia Open 2022"]
[Site "Bratislava"]
[Date "2022.10.01"]
[Round "4.17"]
[White "Kushko, Dmitriy"]
[Black "Krajnak, Robert"]
[Result "1-0"]
[ECO "A30"]
[WhiteElo "2302"]
[BlackElo "1931"]
[Annotator "TA"]
[PlyCount "55"]
[EventDate "2022.09.30"]
[EventCountry "SVK"]
[SourceTitle "playchess.com"]
[Source "ChessBase"]
[SourceQuality "1"]
[TimeControl "2700+10"]

1. g3 c5 2. Bg2 Nf6 3. Nf3 e6 4. O-O Be7 5. c4 O-O 6. d4 cxd4 7. Nxd4 a6 8. Nc3 {[%emt 0:00:22] 8.b3 is not played anymore.} d6 9. e4 {[%emt 0:04:09] A30: Symmetrical English: Double Fianchetto and Hedgehog.} Qc7 10. Be3 Rd8 11. Rc1 {[%emt 0:00:24] [#] White is better.} Bf8 $146 ({Predecessor:} 11... Nbd7 12. f4 Nf8 13. g4 h6 14. g5 hxg5 15. fxg5 N6d7 16. Rf3 Ne5 17. Rh3 Neg6 {1-0 (26) Hansen,S (2549)-Soors,S (2405) Helsingor 2013}) 12. g4 Nc6 13. g5 Nd7 14. Nd5 Qb8 $1 $11 ({Much less strong is} 14... exd5 15. cxd5 Nde5 16. Nf5 $16 (16. dxc6 bxc6 17. f4 c5 $16)) 15. Nc3 Nxd4 16. Bxd4 b5 17. cxb5 axb5 18. b4 $1 $36 {[%emt 0:00:02][%mdl 2048] Black is under pressure.} Ba6 19. f4 Nb6 (19... e5 $11 20. Be3 exf4 21. Rxf4 Ne5) 20. Qh5 $16 {[%emt 0:01:53] Threatens to win with Rf3. White has more active pieces.} Nc4 $2 {[%emt 0:00:33][%mdl 8192] [#] A mistake that costs the game.} (20... e5 $16 21. Bf2 (21. fxe5 dxe5 22. Qxf7+ Kh8 $16) 21... Nc4) 21. Rf3 $1 $18 {[%emt 0:00:26][%cal Bf1f3,Bf3g3,Bg3g7][%mdl 32] Strongly threatening Rh3.} e5 {[%emt 0:02:05] [#]} 22. Nd5 $1 {[%emt 0:04:09][%cal Of3h3] Rh3! is the strong threat.} exd4 {[%emt 0:01:31] [#]} (22... Bb7 $18) (22... Bc8 23. f5) 23. Nf6+ $1 {[%emt 0:00:02][%mdl 512] White mates.} gxf6 24. gxf6 Kh8 25. Rg3 d5 26. Qg5 Bh6 27. Qxh6 Rg8 28. Rg7 {[%emt 0:00:02] Weighted Error Value: White=0.06 (flawless) /Black=0.54} 1-0

[Event "Slovakia Open 2022"]
[Site "Bratislava"]
[Date "2022.10.01"]
[Round "4.18"]
[White "Balint, Peter"]
[Black "Bombek, Peter"]
[Result "1/2-1/2"]
[ECO "C11"]
[WhiteElo "2235"]
[BlackElo "2083"]
[Annotator "TA"]
[PlyCount "187"]
[EventDate "2022.09.30"]
[EventCountry "SVK"]
[SourceTitle "playchess.com"]
[Source "ChessBase"]
[SourceQuality "1"]
[TimeControl "2700+10"]

1. e4 e6 2. d4 d5 3. Nc3 Nf6 4. e5 Nfd7 5. f4 c5 6. Nf3 Nc6 7. Be3 Be7 8. Qd2 a6 9. dxc5 Nxc5 {[%emt 0:00:10] C11: French: Classical System: 4 e5 and 4 Bg5 dxe4.} 10. O-O-O b5 11. Bd3 {[%emt 0:00:05] [#]} (11. Qf2 $11 Nd7 12. Kb1) 11... Qc7 $146 ({Predecessor:} 11... b4 12. Ne2 Qa5 13. Kb1 Rb8 14. Ned4 Nxd4 15. Nxd4 Bd7 16. f5 Na4 17. Qf2 exf5 18. Bxf5 Bxf5 19. Qxf5 Nxb2 20. Rdf1 f6 21. exf6 b3 22. f7+ {1-0 (22) Ivic,V (2394)-Zeman,M (2203) Montevideo 2017}) 12. Kb1 Bd7 13. g4 Na5 (13... b4 $5 14. Ne2 a5 $11) 14. Qg2 (14. f5 $11) 14... Na4 (14... Nxd3 $15 15. Rxd3 O-O) 15. Ne2 Nc4 16. Bc1 Nc5 17. Nfd4 g6 18. h4 O-O-O 19. g5 Qb6 20. h5 Kb8 21. hxg6 hxg6 22. Rxh8 Rxh8 23. Rh1 Rxh1 24. Qxh1 {[%emt 0:00:09] And now Qh7 would win.} Qd8 25. Qh7 Qe8 26. Ng3 Kc7 27. Be2 Nb7 28. Bd3 (28. c3 $14) 28... Nca5 (28... Nc5 $11) 29. Bd2 Nc6 30. Nge2 {[%emt 0:00:10] White has more active pieces.} Bc5 (30... Nxd4 $14 31. Nxd4 Nc5) 31. c3 (31. Nxc6 $1 $16 Kxc6 32. Qh3) 31... Kb6 (31... Nxd4 $1 $11 32. Nxd4 Bb6) 32. Be3 (32. Nc2 $16) 32... Kc7 (32... b4 $14) 33. Bc2 ({Better is} 33. b4 $16 Bb6 34. Qh3) 33... Bb6 (33... Nxd4 $14 34. Nxd4 a5) 34. Qg7 (34. b4 $16) 34... Nc5 35. a3 Nxd4 36. Nxd4 Ne4 37. Qh7 Qf8 38. Bxe4 (38. Qh2 $14) 38... dxe4 39. Qh1 Bxd4 40. Bxd4 $11 {[%emt 0:00:04][%mdl 4096] Endgame KQB-KQB} Bc6 41. Qg1 Kb7 42. Bc5 Qd8 43. Bd6 Qb6 44. Bc5 Qd8 45. Bd4 Qd5 46. Ba7 Ka8 47. Bd4 Qc4 48. Qe3 Bd5 49. Kc2 Qb3+ 50. Kc1 Qc4 51. Kc2 Qf1 52. Qd2 (52. Bb6 $11) 52... Ba2 $17 53. c4 $2 {[%emt 0:00:11][%mdl 8192] [#]} (53. Qe3 $17) 53... Qxc4+ $2 (53... Bb3+ $1 {[%mdl 512] mates} 54. Kxb3 Qxc4#) 54. Bc3 $2 (54. Qc3 $15) 54... Bb3+ $1 $19 55. Kc1 Qf1+ 56. Qe1 Qxf4+ 57. Qd2 Qf1+ 58. Qe1 Qd3 (58... Qf3 $19 {Strongly threatening ...e3.} 59. Qd2 Qh1+ 60. Qe1 Qf3) 59. Qd2 $17 Kb7 ({Black should try} 59... Qd5 60. Qd4 e3 61. Qxd5+ Bxd5) 60. Qxd3 exd3 {[%emt 0:00:01] KB-KB} 61. Kd2 Bc4 62. Ke3 Kc6 63. Bd4 (63. Ke4 $15) 63... Kd5 64. Bc3 Kc5 (64... a5 $17 {[%cal Ob5b4] ...b4! is the strong threat.} 65. Bxa5 Kxe5) 65. Bd4+ {[%emt 0:00:02] [#]} ({White should play} 65. Ke4 $15) 65... Kc6 $1 66. Bc3 Kd5 67. Kf4 Bb3 68. Ke3 Bc2 69. Kf4 Kc4 70. Ke3 Kb3 71. Kd2 a5 72. Bxa5 Kxb2 73. Bb4 Kb3 74. Be7 Kc4 75. Ke3 Bd1 76. Bb4 Bg4 77. Bd2 Bf5 78. Bb4 Bh3 79. Be7 Kd5 80. Bf6 Bf5 81. Bg7 Kc4 82. Bf8 {[%emt 0:00:04] Prevents b4.} Bg4 83. Be7 Bd1 (83... Be2 $17 84. Bb4 Bg4) 84. Bf8 (84. Bb4 $1 $11) 84... Bc2 85. Be7 $1 Bb1 86. Bf8 Kc3 87. Bb4+ Kb3 88. Be7 {[%emt 0:00:07] [#]} Kc2 $1 {[%emt 0:00:37] ( -> ...d2)} 89. Bb4 {[%emt 0:00:03] Prevents d2.} Ba2 90. Bd2 Bd5 91. Bb4 Bc4 (91... Bf3 $17 92. Bd2 Bg2) 92. Bd2 (92. Be1 $15) 92... Kb3 (92... Bb3 $17 93. Bb4 Bc4) 93. Bb4 $15 d2 94. Kxd2 {[%emt 0:00:07] White happily takes the draw.  Weighted Error Value: White=0.34/Black=0.33} 1/2-1/2

[Event "Slovakia Open 2022"]
[Site "Bratislava"]
[Date "2022.10.01"]
[Round "4.19"]
[White "Babula, Matej"]
[Black "Merva, Frantisek"]
[Result "0-1"]
[ECO "B00"]
[WhiteElo "1864"]
[BlackElo "1981"]
[Annotator "TA"]
[PlyCount "80"]
[EventDate "2022.09.30"]
[EventCountry "SVK"]
[SourceTitle "playchess.com"]
[Source "ChessBase"]
[SourceQuality "1"]
[TimeControl "2700+10"]

1. e4 b6 2. d4 Bb7 3. Nc3 e6 4. Nf3 Bb4 5. Bd3 Nf6 6. Qe2 d5 7. e5 Ne4 8. Bd2 Nxd2 9. Qxd2 h6 {[%emt 0:00:21] B00: Queen's Fianchetto Defence, Nimzowitsch Defence.} 10. O-O {[%emt 0:01:08] [#]} Be7 $146 ({Predecessor:} 10... O-O 11. Qf4 Nd7 12. Ne2 Be7 13. Ng3 Bg5 14. Qg4 f5 15. Qh5 Qe8 16. Qxe8 Raxe8 17. Nxg5 hxg5 {½-½ (43) Boehm,M-Sawall,H Kiel 2003}) 11. Ne2 c5 {[%emt 0:00:07] The position is equal.} 12. c3 Nc6 13. Rac1 a6 14. Ne1 cxd4 15. cxd4 b5 16. f4 g6 17. g4 Qb6 18. Bb1 O-O-O (18... h5 $15) 19. Nd3 $11 Kb8 20. Nc5 h5 (20... Qa5 $5 21. Qe3 Rc8 $11) 21. g5 b4 (21... Qa5 $5 22. Qe3 Rc8 $11) 22. Kh1 Bxc5 23. Rxc5 Rc8 24. Rfc1 Kc7 (24... Na5 $11) 25. Bc2 Kd7 $2 (25... Kb8 $16 {is a better chance.}) 26. Ba4 $18 Ke7 27. R1c2 $2 (27. Qc2 $18) 27... Rhd8 {[%emt 0:01:17] [#]} (27... b3 $16 28. Bxb3 (28. axb3 Nb4 $14) 28... Nb4) 28. Nc1 $2 ({White must play} 28. f5 $1 $18 exf5 29. Nf4) 28... Kf8 $14 29. Qe3 (29. Bxc6 $14 Rxc6 30. Nd3) 29... Kg7 ({Better is} 29... Ne7 $11 30. Qd3 Bc6 31. Bxc6 Rxc6) 30. Nd3 (30. f5 $14) 30... Na5 (30... Ne7 $1 $11) 31. b3 (31. f5 $16 {aiming for fxg6.} exf5 32. b3) 31... Bc6 ({Black should try} 31... Nc4 $1 $14 32. Qf2 (32. bxc4 $2 dxc4+ 33. Kg1 cxd3 $19) 32... Na3) 32. Bxc6 ({Stronger than} 32. Rxa5 Bb5 33. Rxb5 (33. Rxc8 Rxc8 34. Rxb5 axb5 $17) 33... axb5 $15) (32. Qf2 $18) 32... Rxc6 33. Qc1 (33. f5 $14 exf5 34. Nf4 Rxc5 35. Rxc5) 33... Rxc5 $11 34. Rxc5 (34. Nxc5 $11 {remains equal.} Nb7 35. Qd2) 34... Nb7 $17 35. Rc7 Qxd4 36. Rxb7 $2 (36. Qd2 $17 {is more resistant.} Na5 37. Qe2) 36... Qxd3 $19 37. Kg2 (37. Rc7 $142 h4 38. Kg1) 37... d4 {[%emt 0:00:05][%cal Bd5d4,Bd4d3,Bd3d2][%mdl 32] [#] ...Qe2+ is the strong threat.} 38. Rxb4 Qe2+ {[%emt 0:00:11] Black mates.} 39. Kg1 d3 40. f5 d2 {[%emt 0:00:47] Never resign too early!  Weighted Error Value: White=1.03/Black=0.42} 0-1

[Event "Slovakia Open 2022"]
[Site "Bratislava"]
[Date "2022.10.01"]
[Round "4.20"]
[White "Mikulas, Dusan"]
[Black "Prochazka, Peter"]
[Result "1-0"]
[ECO "B01"]
[WhiteElo "2047"]
[BlackElo "1792"]
[Annotator "TA"]
[PlyCount "87"]
[EventDate "2022.09.30"]
[EventCountry "SVK"]
[SourceTitle "playchess.com"]
[Source "ChessBase"]
[SourceQuality "1"]
[TimeControl "2700+10"]

1. e4 d5 2. exd5 Qxd5 3. Nc3 Qd6 4. d4 Nf6 5. Nf3 a6 6. h3 Nc6 {[%emt 0:01:58] B01: Scandinavian Defence.} 7. Be3 Bf5 8. Qd2 O-O-O {[%emt 0:01:25] [#] The position is equal.} 9. Bd3 $146 ({Predecessor:} 9. O-O-O e6 10. Bd3 Bxd3 11. Qxd3 Nb4 12. Qd2 Nbd5 13. Ne5 Qe7 14. Bg5 h6 15. Bh4 {1-0 (37) Schmitz,S (1767)-Engelhard,A (1307) Karlsruhe 2008}) 9... Bxd3 10. Qxd3 {[%emt 0:00:13] Hoping for Ng5.} e5 11. Qf5+ Qd7 12. Qxd7+ Nxd7 13. d5 Na5 14. Ng5 f6 15. Nf7 Bb4 16. Nxh8 {[%emt 0:00:09] White is more active.} Rxh8 17. Ke2 Nc4 {[%emt 0:02:20] [#]} (17... Bxc3 $142 18. bxc3 Nc4) 18. Nd1 $1 $16 f5 19. b3 Nd6 20. a3 Bc5 21. Bxc5 Nxc5 22. Nc3 Rd8 23. f3 e4 24. Rhe1 Re8 25. Kf2 f4 (25... b6 $142 26. Ke3 Nd7 27. fxe4 fxe4) 26. fxe4 Ncxe4+ $2 (26... Nd7 {was called for.} 27. g3 fxg3+ 28. Kxg3 b5) 27. Nxe4 $18 Nxe4+ {[%emt 0:00:07][%mdl 4096] Endgame KRR-KRN} 28. Kf3 Nf6 29. Rxe8+ Nxe8 30. Kxf4 {[%emt 0:00:06] KR-KN} Kd7 31. Ke5 Nd6 32. Rf1 Ke7 33. c4 b6 34. Rf4 Nf7+ {[%emt 0:01:51] [#]} 35. Rxf7+ $1 Kxf7 {[%emt 0:00:01] KP-KP} 36. b4 {[%emt 0:01:28] c5 would kill now.} Ke7 37. c5 Kd7 38. a4 {[%emt 0:01:03] White threatens cxb6 and mate.} Ke7 39. cxb6 {[%emt 0:00:22] White mates.} cxb6 40. d6+ Kd8 41. Ke6 Ke8 42. b5 a5 43. d7+ Kd8 44. Kd6 {[%emt 0:00:05] Weighted Error Value: White=0.05 (flawless) /Black=0.84} 1-0

[Event "Slovakia Open 2022"]
[Site "Bratislava"]
[Date "2022.10.01"]
[Round "4.21"]
[White "Csontos, Aron"]
[Black "Rosol, Alexander"]
[Result "0-1"]
[ECO "C41"]
[WhiteElo "1962"]
[BlackElo "2041"]
[Annotator "TA"]
[PlyCount "85"]
[EventDate "2022.09.30"]
[EventCountry "SVK"]
[SourceTitle "playchess.com"]
[Source "ChessBase"]
[SourceQuality "1"]
[TimeControl "2700+10"]

1. e4 d6 2. d4 Nf6 3. Nc3 e5 4. Nf3 Nbd7 5. Bc4 Be7 6. O-O c6 7. a4 O-O 8. h3 h6 9. Be3 a5 10. Re1 Re8 {[%emt 0:00:04] C41: Philidor Defence.} 11. Ba2 exd4 12. Nxd4 {[%emt 0:00:35][%cal Bf3d4,Bd4e2,Be2f4][%mdl 32] 12.Bxd4 deserves study.} Nc5 {[%emt 0:00:11] [#] White has an edge.} 13. f3 $146 ({Predecessor:} 13. Qf3 Bf8 14. Bf4 Be6 15. Nxe6 Nxe6 16. Bg3 Qb6 17. Rad1 Rad8 18. Bh4 Ng5 19. Qd3 {½-½ (34) Kryvoruchko,Y (2683)-Golubovic,B (2393) Terme Catez 2022}) 13... Bf8 14. Qd2 Nh7 15. Qf2 Qf6 (15... Be7 $14 {deserves consideration.}) 16. Rad1 $16 Qg6 17. Nde2 Ng5 {[%emt 0:02:59] White must now prevent ...Nxh3+.} 18. Kh1 Na6 19. Nf4 Qh7 20. Qg3 Nb4 21. Bb3 Be6 22. Nxe6 Nxe6 23. Na2 ({White should play} 23. Ne2 $16) 23... Na6 $14 24. Bxe6 (24. Bc4 $16) 24... Rxe6 $11 25. Bb6 d5 26. exd5 Rxe1+ 27. Qxe1 {[%emt 0:00:04] d6 is the strong threat.} Qxc2 28. d6 $1 {[%emt 0:03:20] aiming for d7.} Qxb2 29. Qxa5 Bxd6 30. Rxd6 {[%emt 0:00:47] Strongly threatening Nc3.} Qxa2 31. Rd7 {[%emt 0:03:44] Against Nc7} Qb1+ 32. Kh2 {[%emt 0:00:57][%mdl 1024] White has compensation.} Nc7 33. Qh5 $14 g6 34. Qc5 $40 {[%emt 0:01:12][%mdl 128] Black needs to defend precisely.} ({White should try} 34. Qxh6 $14 Qxb6 35. Qf4) 34... Ne6 $11 35. Qe7 Qf5 36. Bf2 b5 37. a5 c5 {[%emt 0:02:24] [#]} (37... Rxa5 $11 38. Qe8+ Kg7) 38. Rb7 (38. Ra7 $1 $16 Rf8 39. Rb7) 38... Kg7 $2 {[%emt 0:02:45] This move loses the game for Black.} (38... Rxa5 $2 39. Qe8+ Nf8 40. Rb8 (40. Bxc5 Qf4+ 41. Kh1 Ra1+ 42. Bg1 Rd1 $17) 40... Qf4+ 41. Bg3 Qxb8 42. Qxb8 $18) (38... Nd4 $1 $11) 39. Rxb5 $18 Rd8 (39... Qf6 $142 40. Qxf6+ (40. Bxc5 Qf4+ 41. Kh1 Qc4 $11) 40... Kxf6) 40. Rxc5 (40. Bxc5 {gets mated.} Qe5+ 41. Kh1 Rd1+ 42. Bg1 Qxb5 43. Qa3 Qf1 44. Qb2+ Nd4) 40... Nxc5 (40... Qf6 41. Qxf6+ Kxf6) 41. Qxd8 Nd3 42. Bd4+ f6 {[%emt 0:00:20] [#]} 43. Qxf6+ $1 {[%emt 0:00:47][%mdl 33280] Weighted Error Value: White=0.16 (very precise) /Black=0.38. Loss on time!?} 0-1

[Event "Slovakia Open 2022"]
[Site "Bratislava"]
[Date "2022.10.01"]
[Round "4.22"]
[White "Djubek, Boris"]
[Black "Meszaros, Casey Ryan"]
[Result "0-1"]
[ECO "A96"]
[WhiteElo "1995"]
[BlackElo "1925"]
[Annotator "TA"]
[PlyCount "87"]
[EventDate "2022.09.30"]
[EventCountry "SVK"]
[SourceTitle "playchess.com"]
[Source "ChessBase"]
[SourceQuality "1"]
[TimeControl "2700+10"]

1. d4 f5 2. Nf3 Nf6 3. c4 e6 4. Nc3 Be7 5. g3 O-O 6. Bg2 d6 7. O-O Ne4 8. Qc2 Nxc3 9. bxc3 Nc6 {[%emt 0:00:55] A96: Classical Dutch: Fluid Systems: Early deviations.} 10. e4 e5 11. Ba3 Qe8 12. c5 {[%emt 0:03:00] [#]} dxc5 $146 ({Predecessor:} 12... Kh8 13. Rad1 Qh5 14. cxd6 Bxd6 15. Bc1 fxe4 16. Nxe5 Bxe5 17. dxe5 Bg4 18. Bxe4 Nxe5 {½-½ (27) Wokrina,A-Albrecht,R (2226) Dresden 2005}) 13. Nxe5 Nxe5 14. dxe5 f4 15. Qb3+ (15. gxf4 $1 $11 Rxf4 16. Bc1) 15... Qf7 (15... Kh8 $15) 16. Qxf7+ Rxf7 17. gxf4 Rxf4 18. Bc1 Rf7 (18... Rh4 $11) 19. f4 $14 g6 {[%emt 0:00:14] Against f5} 20. f5 (20. Be3 $14) 20... gxf5 $11 21. exf5 Rxf5 22. Rxf5 Bxf5 23. Bxb7 Rd8 24. Bf4 Rd3 25. c4 (25. Rf1 $11) 25... Be6 $1 $15 26. Ba6 Ra3 {[%emt 0:01:32] Black is more active.} 27. Bb5 Rc3 ({Better is} 27... Kg7 $17 28. Rb1 Rxa2) 28. Rc1 $11 Rxc1+ 29. Bxc1 {[%emt 0:00:02][%mdl 4096] Endgame KBB-KBB} Kf7 30. Kf2 Kg6 31. Kf3 Kf5 32. Bf4 (32. Bb2 $11 {is more appropriate.}) 32... Bf8 (32... h5 $15) 33. Ba4 {[%emt 0:00:13][%cal Ra4c2] [#]} Bxc4 34. Bc2+ Ke6 35. Bxh7 {[%emt 0:00:07] Hoping for Bg8+.} Bd5+ 36. Ke3 ({White should play} 36. Kg4 $14 Ke7 37. Bb1) 36... c6 37. Bg8+ Kd7 38. Bxd5 cxd5 {[%emt 0:00:01] KB-KB} 39. h4 $1 Ke6 {[%emt 0:00:10] Threatens to win with ...Bg7.} 40. h5 Kf5 41. h6 d4+ $2 {[%emt 0:00:21][%mdl 8192] [#]} (41... Kg6 $11 {and Black has nothing to worry.} 42. e6 Be7) 42. Kf3 $2 (42. Kd3 $1 $18 Bxh6 43. Bxh6 Kxe5 44. a3) 42... c4 43. h7 Bg7 44. Bg3 {[%emt 0:00:34][%mdl 32768] Weighted Error Value: White=0.27 (precise) /Black=0.41. Loss on time!?} 0-1

[Event "Slovakia Open 2022"]
[Site "Bratislava"]
[Date "2022.10.01"]
[Round "4.24"]
[White "Roshka, Yevgeniy"]
[Black "Malaschitz, Teodor"]
[Result "1-0"]
[ECO "D43"]
[WhiteElo "2497"]
[BlackElo "1448"]
[Annotator "TA"]
[PlyCount "75"]
[EventDate "2022.09.30"]
[EventCountry "SVK"]
[SourceTitle "playchess.com"]
[Source "ChessBase"]
[SourceQuality "1"]
[TimeControl "2700+10"]

1. d4 d5 2. c4 c6 3. Nf3 Nf6 4. Nc3 e6 5. Qd3 Nbd7 6. g3 {[%emt 0:01:05] [#] D43: Semi-Slav: 5 Bg5 h6.} Nb6 $146 ({Predecessor:} 6... Bd6 7. Bg2 dxc4 8. Qxc4 O-O 9. O-O e5 10. Rd1 Qe7 11. Qb3 Re8 12. Qc2 Nf8 13. Bg5 exd4 14. Nxd4 Be5 15. Ne4 h6 16. Nxf6+ Bxf6 17. Be3 {½-½ (36) Bluebaum,M (2670)-Kollars,D (2598) Magdeburg 2021}) 7. b3 Bb4 8. a3 {[%emt 0:00:18][%cal Ba2a3,Ba3a4,Ba4a5][%mdl 32] White has an edge.} Bxc3+ 9. Qxc3 Bd7 10. Bg2 Nc8 11. O-O Ne7 12. a4 Ng6 13. Ba3 Ne7 14. Ne5 {[%emt 0:00:24] White is much more active. The black rooks are badly placed.} O-O (14... a5 $16 15. Rac1 O-O) 15. a5 Re8 16. f3 Ng6 17. Nxg6 hxg6 18. e4 (18. Bd6 $18) 18... Rc8 (18... dxe4 $16 19. fxe4 e5) 19. e5 $18 Nh7 20. Bd6 Ra8 21. f4 b5 22. cxb5 cxb5 23. Rfc1 Rc8 24. Qd2 Rc6 25. Rc5 Rxc5 26. Bxc5 {[%emt 0:00:48] This bishop pair is nice.} a6 27. Rc1 Qa8 28. h4 Rc8 29. g4 Rc6 30. Rc3 Qd8 31. Rh3 Be8 32. Bf1 Bd7 (32... f5 {is a better defense.} 33. gxf5 exf5) 33. Bd3 {[%emt 0:00:08] [#] Hoping for h5.} Kh8 $2 (33... f5 34. gxf5 gxf5) 34. h5 g5 35. Bxh7 Kxh7 36. fxg5 {[%emt 0:00:03][%cal Bf4g5,Bg5g6][%mdl 32] Intending g6+! and mate.} Kg8 37. g6 {[%emt 0:00:04] [#] h6 would kill now.} Qe8 38. h6 {[%emt 0:00:13] Weighted Error Value: White=0.16 (very precise) /Black=0.41} 1-0

[Event "Slovakia Open 2022"]
[Site "Bratislava"]
[Date "2022.10.01"]
[Round "4.25"]
[White "Kucera, Michal"]
[Black "Rehacek, Jan"]
[Result "1-0"]
[ECO "C42"]
[WhiteElo "1927"]
[BlackElo "1342"]
[Annotator "TA"]
[PlyCount "57"]
[EventDate "2022.09.30"]
[EventCountry "SVK"]
[SourceTitle "playchess.com"]
[Source "ChessBase"]
[SourceQuality "1"]
[TimeControl "2700+10"]

1. e4 e5 2. Nf3 Nf6 3. Nxe5 d6 4. Nf3 Nxe4 5. Nc3 Nxc3 6. dxc3 Nc6 7. Be3 {[%emt 0:00:55] C42: Petroff Defence: 3 Nxe5 and unusual White 3rd moves.} Bg4 8. Be2 Be7 9. h3 {[%emt 0:00:53] The position is equal.} Bh5 (9... Be6 $11) 10. Qd2 O-O 11. O-O-O {[%emt 0:00:06] [#]} a5 $146 ({Predecessor:} 11... Bg6 12. g4 Re8 13. Kb1 Be4 14. Rhg1 Bf6 15. g5 Be5 16. h4 Bg6 17. h5 Be4 {1-0 (65) De Moura,S (2147)-Yoshioka,A (1754) Sao Paulo 2015}) 12. g4 Bg6 13. Rhg1 a4 14. a3 Qd7 (14... Be4 $14 {should be considered.}) 15. h4 $16 f6 (15... Rfe8 $14) 16. g5 ({White should play} 16. h5 Bf7 17. h6) 16... Bf7 17. Rg3 Qe6 18. c4 $1 Na5 $2 {[%emt 0:04:46] [#] This costs Black the game.} (18... Bg6 $16) 19. Nd4 $18 Qd7 20. Rdg1 Nxc4 21. Bxc4 Bxc4 {[%emt 0:00:11] [#]} 22. g6 $1 hxg6 23. Rxg6 Rf7 24. h5 {[%emt 0:01:19] Hoping for h6.} Kh7 (24... Re8 25. h6 Bf8 26. hxg7 Rxg7) 25. h6 Bf8 26. f3 ({Not} 26. hxg7 Rxg7 27. Rxg7+ Bxg7 $18) 26... gxh6 (26... Re8 $18 27. hxg7 Rxg7) 27. Qh2 {[%emt 0:00:12] White mates.} Bg7 28. Bxh6 Kg8 29. Bxg7 {[%emt 0:00:37] Weighted Error Value: White=0.25 (precise) /Black=0.65} 1-0